 Dungeon Sprint DCSS version 0.30-a0-297-g0ec75d9ef4 (webtiles) character file.

Game seed: 10517218547840533802

7 Low2 the Twirler (level 2, -1/31 HPs)
             Began as an Ogre Gladiator on Oct 19, 2022.
             Slain by a wyvern (4 damage)
             ... in the Dungeon (Sprint II: "The Violet Keep of Menkaure").
             The game lasted 00:00:22 (101 turns).

Low2 the Twirler (Ogre Gladiator)                    Turns: 101, Time: 00:00:23

Health: -1/31      AC:  3    Str: 17    XL:     2   Next: 0%
Magic:  2/2        EV: 10    Int:  9    God:
Gold:   243        SH:  0    Dex: 10    Spells: 1/1 levels left

rFire   . . .      SeeInvis .    a - +0 quarterstaff
rCold   . . .      Faith    .    (shield currently unavailable)
rNeg    . . .      Spirit   .    b - +0 robe
rPois   .          Reflect  .    c - +0 hat
rElec   .          Harm     .    (no cloak)
rCorr   .          Rampage  .    (gloves unavailable)
Will    .....      NoTele   +    (boots unavailable)
Stlth   +.........               (no amulet)
HPRegen 0.25/turn                (no ring)
MPRegen 0.08/turn                (no ring)

@: no status effects
A: large, unfitting armour, tough skin 1
a: no special abilities


You were in the Dungeon.
You visited 1 branch You collected 243 gold pieces.

Inventory:

Hand Weapons
 a - a +0 quarterstaff (weapon)
Missiles
 d - a throwing net (quivered)
 e - a large rock
Armour
 b - a +0 robe (worn)
 c - a +0 hat (worn)
Scrolls
 k - a scroll of blinking
Potions
 f - a potion of curing
 g - a potion of heal wounds
 h - a potion of haste
 i - 2 potions of magic
 j - a potion of berserk rage


   Skills:
 + Level 3.1 Fighting
 + Level 3.8 Staves
 + Level 2.2 Throwing
 + Level 3.4 Dodging


You had one spell level left.
You didn't know any spells.
Your spell library was empty.

Dungeon Overview and Level Annotations

Branches:
Dungeon (1/1)

Altars:


Innate Abilities, Weirdness & Mutations

You are too large for most types of armour.
You have tough skin. (AC +1)


Message History

You barely miss the worm.
The worm is severely wounded.
The worm bites you.
You barely miss the worm.
The worm is severely wounded.
You hit the worm.
You kill the worm!
You have reached level 2!
You now have 243 gold pieces.
You start resting.
HP restored.
There is an open door here.
There is a staircase leading out of the dungeon here.
You open the door. 2 wyverns come into view.
The wyvern hisses angrily.
Found 243 gold pieces.
Throw: 2 throwing nets
Press: ? - help, Q - select action, (/) - cycle Shift-Dir - straight line, f - wyvern
Aim: a wyvern (57% to hit)
You throw a throwing net. The throwing net hits the wyvern.
The wyvern is caught in the net!
The wyvern hisses angrily.
The wyvern struggles against the net.
You strike the helpless wyvern from behind!
You hit the wyvern.
The wyvern is lightly wounded.
The wyvern struggles against the net. x2
You hit the wyvern but do no damage.
The wyvern is lightly wounded.
The wyvern struggles against the net.
The net rips apart, and the wyvern comes free!
You hit the wyvern but do no damage.
The wyvern is lightly wounded.
The wyvern bites you! x2
* * * LOW HITPOINT WARNING * * *
You hit the wyvern.
The wyvern is moderately wounded.
The wyvern bites you.
You die...

## ## .#
#. ## .#l
##.###l#
#..†##@##
+##.'.<.+
####.##
#+#


You could see 2 wyverns.

Vanquished Creatures
  2 worms (D)
2 creatures vanquished.

Vanquished Creatures (others)
  Menkaure (D)
1 creature vanquished.

Grand Total: 3 creatures vanquished

Notes
Turn   | Place    | Note
-------+----------+-------------------------------------------
     0 | D        | Low2 the Ogre Gladiator began the quest for the Orb.
     0 | D        | Reached XP level 1. HP: 22/22 MP: 1/1
    23 | D        | Reached XP level 2. HP: 13/31 MP: 2/2
    63 | D        | Killed Menkaure
    96 | D        | Noticed a wyvern
    96 | D        | Noticed a wyvern
   101 | D        | Slain by a wyvern

Illustrated notes

Levels and vault maps discovered:
D:        the_violet_keep_of_menkaure [sprint2_stairs_cluster_1,
          sprint2_shoproom, sprint2_temple, sprint2_basic_supplies,
          sprint2_obstacle_3, sprint2_obstacle_2, sprint2_obstacle_4,
          sprint2_obstacle_7, sprint2_obstacle_5, sprint2_timed_cluster_1,
          sprint2_smallroom_cluster_1, sprint2_smallroom_final_cluster_1,
          sprint2_transparent_cluster_1, sprint2_second_timed_cluster_1,
          sprint2_sniper_area_1, sprint2_heavy_combat_area_1,
          sprint2_mutation_trap_area_1, sprint2_forest_area_1,
          sprint2_light_combat_area_1, sprint2_behind_water_1,
          sprint2_near_end_vault_1]

Skill      XL: |  1 |
---------------+----+-----
Fighting       | 3 |  3.1
Dodging        | 3 |  3.4
Staves         | |  3.8
Throwing       | |  2.2

Action                   || total
-------------------------++-------
Melee: Quarterstaff      ||    21
Throw: Throwing net      ||     2
 Stab: Held in net/web   ||     1
Armor: Robe              ||     2
Dodge: Dodged            ||     4

Table legend: (Time is in decaauts)
 A = Elapsed time spent in this place.
 B = Non-inter-level travel time spent in this place.
 C = Inter-level travel time spent in this place.
 D = Time resting spent in this place.
 E = Time spent auto-exploring this place.
 F = Levels seen in this place.
 G = Mean time per level.
                   A        B        C        D        E       F      G
               +--------+--------+--------+--------+--------+-----+--------+
         Total |    103 |    103 |      0 |     67 |      0 |   1 |  103.0 |
       Dungeon |    103 |    103 |      0 |     67 |      0 |   1 |  103.0 |
               +--------+--------+--------+--------+--------+-----+--------+

Top non-repeatable levels by time:
       D: 103 daAuts
